AoeStats
← chanda420

African Clearing

506452004Analyzed
4v4 RM · 20d ago on Sep 13, 2026· 44m 8s· 8 players
Game mode
Random Map
Map size
Large (8 player)
Population
200
Speed
Normal
Resources
Standard
Victory
Conquest
Starting age
Dark Age
Ending age
Imperial Age
RankedLock teamsTeams togetherTeam positionsShared explorationLock speedFull tech treeHidden civsTurbo modeCheats
Victory
Defeat
1220
+14
🇳🇱 Malians · Netherlands
1177
+16
🇩🇪 Portuguese · Germany
1174
+16
🇺🇸 Armenians · United States
1149
+17
🇮🇳 Mongols · India
1227
-17
🇨🇱 Bulgarians · Chile
1186
-16
🇧🇷 Britons · Brazil
1163
-15
🇨🇳 Mongols · China
1149
-15
rdy2run ツ
8:34 Loom
14:58 Feudal Age
21:37 Castle Age
27:18 Fervor
29:46 Imperial Age
30:08 Fletching
31:27 Chemistry
32:16 Ballistics
34:31 Murder Holes
37:54 Conscription
40:45 Arquebus
41:36 Bodkin Arrow
43:53 Elite Organ Gun
follow the white rabbit Δ
5:04 Loom
17:30 Feudal Age
18:12 Double-Bit Axe
18:32 Stone Mining
20:24 Wheelbarrow
22:00 Castle Age
20:42 Gold Mining
22:55 Wheelbarrow
22:59 Bow Saw
22:30 Horse Collar
24:34 Medium Warships
25:18 Medium Warships
26:48 Fletching
27:03 Fishing Lines
29:05 Bodkin Arrow
29:10 Padded Archer Armor
29:39 Scale Barding Armor
30:04 Heavy Plow
32:02 Gold Shaft Mining
33:57 Gillnets
36:42 Imperial Age
35:46 Paiks
36:27 Chain Barding Armor
36:18 Forging
36:47 Ballistics
36:07 Treadmill Crane
37:45 Conscription
37:42 Elite Ratha (Ranged)
39:59 Chemistry
39:38 Bracer
40:14 Iron Casting
39:39 Scale Mail Armor
41:19 Leather Archer Armor
43:04 Ring Archer Armor
Bane Daughter of Chaos
8:06 Loom
13:06 Feudal Age
13:35 Double-Bit Axe
14:53 Horse Collar
16:02 Pikeman
16:55 Gold Mining
22:34 Castle Age
21:45 Scale Mail Armor
21:57 Forging
22:26 Arson
23:34 Bow Saw
23:23 Stone Mining
26:11 Chain Mail Armor
26:14 Heavy Plow
26:52 Gold Shaft Mining
27:18 Man-at-Arms
27:59 Squires
28:46 Gambesons
30:18 Wheelbarrow
31:22 Hand Cart
31:11 Long Swordsman
32:25 Two-Handed Swordsman
34:11 Iron Casting
33:54 Halberdier
39:09 Imperial Age
39:17 Imperial Age
37:37 Town Watch
37:38 Champion
38:35 Caravan
38:31 Fletching
39:25 Masonry
39:39 Sanctity
40:55 Plate Mail Armor
40:32 Fereters
41:32 Conscription
42:33 Blast Furnace
Brandon
4:32 Loom
5:26 Loom
13:29 Feudal Age
17:28 Castle Age
16:17 Stone Mining
16:33 Double-Bit Axe
18:55 Stone Shaft Mining
18:51 Gold Mining
19:24 Bow Saw
21:27 Town Watch
23:02 Scale Mail Armor
23:12 Forging
23:56 Arson
25:02 Treadmill Crane
26:11 Wheelbarrow
29:01 Gold Shaft Mining
31:11 Iron Casting
31:57 Chain Mail Armor
35:59 Squires
37:58 Ballistics
45:38 Imperial Age
chanda420
10:16 Loom
13:20 Feudal Age
14:28 Double-Bit Axe
16:00 Wheelbarrow
17:17 Horse Collar
21:39 Castle Age
20:44 Scale Barding Armor
22:48 Bow Saw
23:50 Bloodlines
24:03 Chain Barding Armor
23:58 Forging
25:05 Scale Mail Armor
25:37 Husbandry
28:53 Iron Casting
28:41 Fletching
29:53 Gambesons
38:24 Imperial Age
37:39 Gold Mining
37:52 Stirrups
40:09 Plate Barding Armor
40:54 Elite Konnik
42:59 Gold Shaft Mining
44:12 Blast Furnace
44:01 Conscription
Coffee Break Golden
5:01 Loom
12:29 Feudal Age
19:51 Castle Age
17:59 Stone Mining
18:26 Double-Bit Axe
19:00 Horse Collar
19:43 Gold Mining
21:16 Wheelbarrow
30:46 Gold Shaft Mining
30:45 Fletching
30:58 Padded Archer Armor
31:04 Padded Archer Armor
31:29 Ballistics
32:08 Bow Saw
33:13 Hand Cart
33:13 Forging
33:05 Scale Mail Armor
33:27 Squires
33:16 Treadmill Crane
34:22 Bodkin Arrow
34:44 Leather Archer Armor
34:17 Pikeman
34:43 Arson
34:45 Gambesons
35:39 Iron Casting
35:23 Chain Mail Armor
35:14 Heavy Plow
39:40 Imperial Age
38:26 Yeomen
38:34 Murder Holes
39:44 Elite Longbowman
40:46 Bracer
41:51 Chemistry
40:37 Halberdier
9630791
12:37 Loom
15:01 Feudal Age
18:56 Castle Age
17:55 Double-Bit Axe
18:38 Horse Collar
19:16 Forging
21:21 Scale Barding Armor
21:30 Bow Saw
21:57 Wheelbarrow
25:41 Heavy Plow
27:26 Hand Cart
27:35 Scale Barding Armor
39:39 Imperial Age
37:17 Stone Mining
37:20 Gold Mining
37:23 Fletching
37:33 Padded Archer Armor
37:58 Ballistics
38:25 Bloodlines
38:14 Bodkin Arrow
39:00 Husbandry
39:09 Light Cavalry
40:43 Stone Shaft Mining
40:27 Thumb Ring
41:47 Chemistry
40:16 Hussar
40:37 Elite Mangudai
42:22 Parthian Tactics
42:44 Bracer
43:00 Leather Archer Armor
43:43 Chain Barding Armor
43:57 Conscription
45:11 Iron Casting
Butcher
10:14 Feudal Age
11:31 Loom
11:40 Loom
16:43 Castle Age
19:06 Double-Bit Axe
21:47 Town Watch
28:46 Fletching
Connection lost

Rejoining the realm…

Still unreachable

The connection could not be restored.

Session expired

The server has moved on; the page needs a fresh start.